 Dungeon Crawl Stone Soup version 0.23-a0-890-gc183402 (webtiles) character file.

Game seed: 13042057006876982724

141 tidbits the Stinger (level 5, 0/37 HPs)
             Began as a Gnoll Wanderer on Jan 28, 2019.
             Slain by an orc
             ... wielding a cursed -1 short sword
              (2 damage)
             ... on level 3 of the Dungeon.
             The game lasted 00:05:41 (536 turns).

tidbits the Stinger (Gnoll Wanderer)                 Turns: 536, Time: 00:05:41

Health: 0/37       AC:  3    Str: 17    XL:     5   Next: 24%
Magic:  12/12      EV: 17    Int: 14    God:
Gold:   82         SH:  3    Dex: 18    Spells: 13/14 levels left

rFire    . . .     SeeInvis .   e - +0 dagger
rCold    . . .     Gourm    .   (no shield)
rNeg     . . .     Faith    .   B - +0 robe
rPois    .         Spirit   .   (no helmet)
rElec    .         Reflect  +   (no cloak)
rCorr    .         Harm     .   (no gloves)
MR       .....                  F - +0 pair of boots
Stlth    +++.......             l - +3 amulet of reflection
HPRegen  0.12/turn              (no ring)
MPRegen  0.13/turn              (no ring)

@: agile
A: distributed training, fangs 1, strong nose
a: no special abilities


You were on level 3 of the Dungeon.
You were not hungry.

You visited 1 branch of the dungeon, and saw 4 of its levels.

You collected 82 gold pieces.

Inventory:

Hand Weapons
 a - a +2 shortbow
 e - a +0 dagger (weapon)
Missiles
 g - 3 stones (quivered)
Armour
 c - a +0 buckler
 d - a +0 shield
 B - a +0 robe (worn)
 F - a +0 pair of boots (worn)
Jewellery
 l - a +3 amulet of reflection (around neck)
   (You found it on level 3 of the Dungeon)
Scrolls
 h - a scroll of enchant weapon {unknown}
 j - 2 scrolls of remove curse {unknown}
 k - a scroll of fear {unknown}
Potions
 n - a potion of brilliance {unknown}
Comestibles
 f - a ration


   Skills:
 + Level 1.4 Fighting
 + Level 1.4 Short Blades
 + Level 1.4 Long Blades
 + Level 1.4 Axes
 + Level 1.4 Maces & Flails
 + Level 1.4 Polearms
 + Level 1.4 Staves
 + Level 1.4 Slings
 + Level 4.7 Bows
 + Level 1.4 Crossbows
 + Level 1.4 Throwing
 + Level 2.9 Armour
 + Level 1.4 Dodging
 + Level 1.4 Stealth
 + Level 4.7 Shields
 + Level 1.4 Unarmed Combat
 + Level 5.1 Spellcasting
 + Level 1.1 Conjurations
 + Level 1.1 Hexes
 + Level 1.1 Charms
 + Level 1.1 Summonings
 + Level 1.1 Necromancy
 + Level 1.1 Translocations
 + Level 1.1 Transmutations
 + Level 1.1 Fire Magic
 + Level 1.1 Ice Magic
 + Level 1.1 Air Magic
 + Level 1.1 Earth Magic
 + Level 5.5 Poison Magic
 + Level 1.5 Invocations
 + Level 1.4 Evocations


You had 13 spell levels left.
You knew the following spells:

 Your Spells              Type           Power        Failure   Level  Hunger
a - Flame Tongue          Conj/Fire      #....        11%         1    None

Your spell library contained the following spells:

 Spells                   Type           Power        Failure   Level  Hunger
 Ignite Poison            Fire/Tmut/Pois ##......     19%         3    ###....


Dungeon Overview and Level Annotations

Branches:
Dungeon (4/15)
 Temple: D:4-7

Altars:


Innate Abilities, Weirdness & Mutations

Your experience applies equally to all skills.
You have very sharp teeth.
Your uncanny sense of smell can sniff out nearby items.


Message History

Firing (i - inventory. (/) - cycle)
b - 2 arrows (quivered)
Press: ? - help, Shift-Dir - straight line, f - orc, p - ogre
Aim: an orc, wielding a -1 short sword and wearing a +0 ring mail You shoot an arrow.
The arrow hits the ogre!
The ogre is almost dead.
The ogre hits you with a +0 giant club!
Firing (i - inventory. (/) - cycle)
b - an arrow (quivered)
Press: ? - help, Shift-Dir - straight line, f/p - orc
Aim: an orc, wielding a -1 short sword and wearing a +0 ring mail You shoot an arrow.
The arrow hits the ogre!
You kill the ogre!
Your Fighting skill increases to level 1!
Your Short Blades skill increases to level 1!
Your Long Blades skill increases to level 1!
Your Axes skill increases to level 1!
Your Maces & Flails skill increases to level 1!
Your Polearms skill increases to level 1!
Your Staves skill increases to level 1!
Your Slings skill increases to level 1!
Your Crossbows skill increases to level 1!
Your Throwing skill increases to level 1!
Your Dodging skill increases to level 1!
Your Stealth skill increases to level 1!
Your Unarmed Combat skill increases to level 1!
Your Conjurations skill increases to level 1!
Your Hexes skill increases to level 1!
Your Charms skill increases to level 1!
Your Summonings skill increases to level 1!
Your Necromancy skill increases to level 1!
Your Translocations skill increases to level 1!
Your Transmutations skill increases to level 1!
Your Fire Magic skill increases to level 1!
Your Ice Magic skill increases to level 1!
Your Air Magic skill increases to level 1!
Your Earth Magic skill increases to level 1!
Your Evocations skill increases to level 1!
You have reached level 4!
You feel clever.
You have reached level 5!
Throwing (i - inventory)
g - 4 stones (quivered)
Press: ? - help, Shift-Dir - straight line, f/p - orc
Aim: an orc, wielding a -1 short sword and wearing a +0 ring mail You throw a stone.
The stone hits the orc but does no damage.
Things that are here:
a +0 giant club; an arrow Wield which item (- for none, * to show all)? (? for menu, Esc to quit)
e - a +0 dagger (weapon)
You hit the orc but do no damage. The orc misses you.
You barely miss the orc.
The orc hits you with a cursed -1 short sword.
* * * LOW HITPOINT WARNING * * *
You hit the orc but do no damage. The orc hits you but does no damage.
You hit the orc.
The orc is moderately wounded.
The orc hits you with a cursed -1 short sword.
* * * LOW HITPOINT WARNING * * *
You completely miss the orc.
The orc is moderately wounded.
The orc hits you with a cursed -1 short sword.
* * * LOW HITPOINT WARNING * * *
It was a potion of curing.
You feel better. The orc barely misses you.
You hit the orc but do no damage. Your bite misses the orc.
The orc is moderately wounded.
The orc hits you with a cursed -1 short sword.
* * * LOW HITPOINT WARNING * * *
Unknown command.
There is a stone staircase leading up, spattered with blood here.
You block the orc's attack.
You climb upwards.
There is a stone staircase leading down here.
Unknown command.
You hit the orc but do no damage.
The orc is moderately wounded.
You block the orc's attack.
You closely miss the orc. You bite the orc, but do no damage.
The orc is moderately wounded.
The orc hits you with a cursed -1 short sword.
* * * LOW HITPOINT WARNING * * *
You hit the orc.
The orc is heavily wounded.
The orc barely misses you.
You closely miss the orc. You bite the orc, but do no damage.
The orc is heavily wounded.
You block the orc's attack.
You hit the orc.
The orc is severely wounded.
The orc hits you with a cursed -1 short sword.
* * * LOW HITPOINT WARNING * * *
You closely miss the orc. Your bite misses the orc.
The orc is severely wounded.
The orc hits you with a cursed -1 short sword!
* * * LOW HITPOINT WARNING * * *
You hit the orc but do no damage.
The orc is severely wounded.
It was a potion of agility.
You feel agile all of a sudden. The orc barely misses you.
You hit the orc but do no damage.
The orc is severely wounded.
The orc hits you with a cursed -1 short sword.
You die...

## .# .# .. ∆ .#
##.###### #### ##
....#.. ..# .#
#.#.#.# #.# .#
#.#.#.#####.########
'#
##.....##...o@.......
.#
#.........###########
## #......####
####...##.#
.#.....<..#
(#####.#### ## #.# .#
#.# .#####.#


You could see an orc.

Vanquished Creatures
  An ogre (D:4)
  An adder (D:3)
  4 worms
  A dart slug (D:3)
  2 leopard geckos
  An orc (D:4)
  2 giant cockroaches (D:3)
  2 hobgoblins (D:3)
  4 goblins
  2 kobolds
  8 rats
28 creatures vanquished.

Vanquished Creatures (others)
  A frilled lizard (D:4)
1 creature vanquished.

Grand Total: 29 creatures vanquished

Notes
Turn   | Place    | Note
-------+----------+-------------------------------------------
     0 | D:1      | tidbits the Gnoll Wanderer began the quest for the Orb.
     0 | D:1      | tidbits set off with the following items: a +2 shortbow, 23
                  | arrows, a +0 shield, a +0 robe, a ration; and the following
                  | spell memorised: Flame Tongue; and the following spells
                  | available to memorise: Ignite Poison
     0 | D:1      | Reached XP level 1. HP: 13/13 MP: 6/6
   136 | D:2      | Reached XP level 2. HP: 20/20 MP: 7/7
   349 | D:3      | Reached XP level 3. HP: 25/25 MP: 9/9
   387 | D:3      | Reached skill level 5 in Spellcasting
   432 | D:3      | Reached skill level 1 in Invocations
   501 | D:4      | Noticed an ogre
   514 | D:4      | Killed an ogre
   514 | D:4      | Reached skill level 1 in Fighting
   514 | D:4      | Reached skill level 1 in Short Blades
   514 | D:4      | Reached skill level 1 in Long Blades
   514 | D:4      | Reached skill level 1 in Axes
   514 | D:4      | Reached skill level 1 in Maces & Flails
   514 | D:4      | Reached skill level 1 in Polearms
   514 | D:4      | Reached skill level 1 in Staves
   514 | D:4      | Reached skill level 1 in Slings
   514 | D:4      | Reached skill level 1 in Crossbows
   514 | D:4      | Reached skill level 1 in Throwing
   514 | D:4      | Reached skill level 1 in Dodging
   514 | D:4      | Reached skill level 1 in Stealth
   514 | D:4      | Reached skill level 1 in Unarmed Combat
   514 | D:4      | Reached skill level 1 in Conjurations
   514 | D:4      | Reached skill level 1 in Hexes
   514 | D:4      | Reached skill level 1 in Charms
   514 | D:4      | Reached skill level 1 in Summonings
   514 | D:4      | Reached skill level 1 in Necromancy
   514 | D:4      | Reached skill level 1 in Translocations
   514 | D:4      | Reached skill level 1 in Transmutations
   514 | D:4      | Reached skill level 1 in Fire Magic
   514 | D:4      | Reached skill level 1 in Ice Magic
   514 | D:4      | Reached skill level 1 in Air Magic
   514 | D:4      | Reached skill level 1 in Earth Magic
   514 | D:4      | Reached skill level 1 in Evocations
   514 | D:4      | Reached XP level 4. HP: 16/32 MP: 11/11
   514 | D:4      | Reached XP level 5. HP: 19/37 MP: 12/12
   522 | D:4      | HP: 5/37 [orc/cursed -1 short sword (4)]
   533 | D:3      | HP: 1/37 [orc/cursed -1 short sword (7)]
   536 | D:3      | Slain by an orc

Vault maps used:
D:1:      dpeg_arrival_rooms_c
D:2:      lemuel_doored_altar, first_ration
D:3:      minmay_razor_zed
D:4:      makhleb_grotto_becter, lemuel_flame_loot_1

Skill      XL: |  1  2  3 |
---------------+----------+-----
Spellcasting   | 5 |  5.1
Invocations    | 1 |  1.5
Fighting       | 1 |  1.4
Short Blades   | 1 |  1.4
Long Blades    | 1 |  1.4
Axes           | 1 |  1.4
Maces & Flails | 1 |  1.4
Polearms       | 1 |  1.4
Staves         | 1 |  1.4
Slings         | 1 |  1.4
Crossbows      | 1 |  1.4
Throwing       | 1 |  1.4
Dodging        | 1 |  1.4
Stealth        | 1 |  1.4
Unarmed Combat | 1 |  1.4
Conjurations   | 1 |  1.1
Hexes          | 1 |  1.1
Charms         | 1 |  1.1
Summonings     | 1 |  1.1
Necromancy     | 1 |  1.1
Translocations | 1 |  1.1
Transmutations | 1 |  1.1
Fire Magic     | 1 |  1.1
Ice Magic      | 1 |  1.1
Air Magic      | 1 |  1.1
Earth Magic    | 1 |  1.1
Evocations     | 1 |  1.4
Bows           | |  4.7
Armour         | |  2.9
Shields        | |  4.7
Poison Magic   | |  5.5

Action                   |  1- 3 |  4- 6 || total
-------------------------+-------+-------++-------
Melee: Dagger            |       |    14 ||    14
       Bite              |       |     2 ||     2
 Fire: Shortbow          |    71 |       ||    71
Throw: Stone             |       |     1 ||     1
  Use: Potion            |       |     2 ||     2
Armor: Robe              |     3 |     1 ||     4
Dodge: Dodged            |     7 |     4 ||    11
Block: Other             |     1 |     3 ||     4

Table legend:
 A = Non-vault XP
 B = Vault XP
 C = Vault XP percentage of total XP
 D = Non-vault monster count
 E = Vault monster count
 F = Vault count percentage of total count
                 A         B        C        D         E       F
            +---------+---------+-------+---------+---------+-------
      Total |     170 |      32 |  15.8 |      13 |      15 |  53.6
            +---------+---------+-------+---------+---------+-------
        D:1 |       5 |       0 |   0.0 |       4 |       0 |   0.0
        D:2 |       9 |       0 |   0.0 |       3 |       0 |   0.0
        D:3 |      18 |      32 |  64.0 |       3 |      15 |  83.3
        D:4 |     138 |       0 |   0.0 |       3 |       0 |   0.0
            +---------+---------+-------+---------+---------+-------

Table legend:
 A = Turns spent in this place as a percentage of turns spent in the entire game.
 B = Non-inter-level travel turns spent in this place as a percentage of non-inter-level travel turns spent in the entire game.
 C = Inter-level travel turns spent in this place as a percentage of turns spent in this place.
 D = Turns resting spent in this place as a percentage of non-inter-level travel turns spent in this place.
 E = Turns spent auto-exploring this place as a percentage of non-inter-level travel turns spent in this place.
 F = Non-inter-level travel turns spent in this place divided by the number of levels of this place that you've seen.
                   A       B       C       D       E      F
               +-------+-------+-------+-------+-------+----------------------
         Total | 100.0 | 100.0 |  11.8 |   0.0 |   0.0 | 118.2
       Dungeon | 100.0 | 100.0 |  11.8 |   0.0 |   0.0 | 118.2
               +-------+-------+-------+-------+-------+----------------------

Table legend:
 A = Kills in this place as a percentage of kills in entire the game.
 B = Kills by you in this place as a percentage of kills by you in the entire game.
 C = Kills by friends in this place as a percentage of kills by friends in the entire game.
 D = Other kills in this place as a percentage of other kills in the entire game.
 E = Experience gained in this place as a percentage of experience gained in the entire game.
 F = Experience gained in this place divided by the number of levels of this place that you have seen.
                   A       B       C       D       E      F
               +-------+-------+-------+-------+-------+----------------------
         Total | 100.0 | 100.0 |   N/A |   N/A | 100.0 |  50.5
       Dungeon | 100.0 | 100.0 |   N/A |   N/A | 100.0 |  50.5
               +-------+-------+-------+-------+-------+----------------------

Vault maps used:
D:1:      dpeg_arrival_rooms_c
D:2:      lemuel_doored_altar, first_ration
D:3:      minmay_razor_zed
D:4:      makhleb_grotto_becter, lemuel_flame_loot_1
